 Dungeon Crawl Stone Soup version bcrawl-1.27.8b (webtiles) character file.

Game seed: 4866877236058408830

150970 MisterOstroum the Stinger (level 6, -5/52 HPs)
             Began as a Naga Transmuter on Oct 29, 2020.
             Was a Follower of Sif Muna.
             Splashed by a jelly's acid (8 damage)
             ... on level 5 of the Dungeon.
             The game lasted 00:09:25 (3434 turns).

MisterOstroum the Stinger (Naga Transmuter)         Turns: 3434, Time: 00:09:25

Health: -5/52      AC: -2    Str:  6    XL:     6   Next: 26%
Magic:  2/9        EV: 19    Int: 15    God:    Sif Muna [*.....]
Gold:   151        SH:  0    Dex: 23    Spells: 4/9 levels left

rFire    . . .     SeeInvis +     - Fangs (venom) (7.0)
rCold    . . .     Gourm    .   (shield currently unavailable)
rNeg     . . .     Faith    .   (armour currently unavailable)
rPois    x         Spirit   .   (helmet currently unavailable)
rElec    .         Reflect  .   (cloak currently unavailable)
rCorr    .         Harm     .   (gloves currently unavailable)
MR       .....                  (no barding)
Stlth    +++.......             (no amulet)
HPRegen  0.17/turn              x - -3 ring of strength (curse)
MPRegen  0.11/turn              l - ring "Oma Bikk" {+Fly Str-3 Dex+6}

@: spider-form, corroded, very slightly contaminated, divine energy
A: tiny, see invisible, slow metabolism 1, spit poison 1, AC +2
a: Spit Poison, End Transformation, Stop Divine Energy, Renounce Religion, Evoke
Flight


You were on level 5 of the Dungeon.
You worshipped Sif Muna.
Sif Muna was aware of your devotion.
You were hungry.
You were a venomous arachnid creature.
You visited 1 branch of the dungeon, and saw 5 of its levels.

You collected 151 gold pieces.

Inventory:

Hand Weapons
 a - a +0 dagger of pain
Missiles
 c - 1242 stones (quivered)
 j - 487 arrows
 r - 157 sling bullets
 u - 159 poisoned tomahawks
Armour
 b - a +0 robe (melded)
 z - a +0 pair of gloves (melded)
Jewellery
 l - the ring "Oma Bikk" (right front leg) {+Fly Str-3 Dex+6}
   (You found it on level 1 of the Dungeon)

   [ring of flight]

   It affects your strength (-3).
   It affects your dexterity (+6).
   It lets you fly.
 x - a cursed -3 ring of strength (left front leg)
Scrolls
 h - 5 scrolls of teleportation {@r3 !r}
 k - a scroll of enchant armour {unknown}
 n - a scroll of blinking {unknown}
 o - a scroll of amnesia
 q - 3 scrolls of immolation
 s - 2 scrolls of magic mapping {unknown}
 v - a scroll of fog {unknown}
Potions
 d - 2 potions of lignification {@q6}
 f - a potion of heal wounds {unknown}
 i - 2 potions of haste
 m - 4 potions of curing {@q1 !q}
 t - 2 potions of brilliance
 w - a potion of berserk rage {unknown}
Comestibles
 e - 8 rations {!d}


   Skills:
 + Level 1.8 Fighting
 - Level 1.5 Dodging
 - Level 3.0 Stealth
 + Level 3.3 Unarmed Combat
 - Level 2.0 Spellcasting
 + Level 3.9 Transmutations
 - Level 5.0 Poison Magic


You had 4 spell levels left.
You knew the following spells:

 Your Spells              Type           Power        Failure   Level  Hunger
b - Sticks to Snakes      Tmut           ##......     19%         2    ##.....
c - Spider Form           Tmut/Pois      ##.          26%         3    ####...

Your spell library contained the following spells:

 Spells                   Type           Power        Failure   Level  Hunger
 Beastly Appendage        Tmut           ##....       14%         1    None
 Passwall                 Tmut/Erth      #.......     34%         2    ##.....
 Animate Skeleton         Necr           N/A          43%         1    None
 Ice Form                 Ice/Tmut       #.......     86%         4    ######.
 Blade Hands              Tmut           ##........   90%         5    #######


Dungeon Overview and Level Annotations

Branches:
Dungeon (5/12)
 Temple: D:4-7

Altars:
Kikubaaqudgha
Lugonu
Makhleb
Nemelex Xobeh
Ru
Sif Muna
Vehumet

Annotations:
D:1 exclusion: ooze
D:4 2 transporters, Eustachio, Menkaure


Innate Abilities, Weirdness & Mutations

You cannot wear boots.
((Your serpentine skin is tough. (AC +2)))
You have supernaturally acute eyesight. (SInv)
((Armour fits poorly on your strangely shaped body.))
((Your system is resistant to poisons. (rPois)))
((You cover ground very slowly.))
You have a slow metabolism.
You can spit poison.


Message History

You have got your breath back.
The howler monkey hits you. The howler monkey barely misses you.
You hit the howler monkey.
The howler monkey is almost dead.
The howler monkey closely misses you.
You closely miss the howler monkey.
The howler monkey is almost dead.
The howler monkey barely misses you.
Press: ? - help, Shift-Dir - straight line, f/p - howler monkey
Aim: a howler monkey (almost dead, catching its breath)
The splash of poison hits the howler monkey!
The howler monkey is poisoned.
You kill the howler monkey!
Sif Muna accepts your kill.
You feel slightly more hungry.
You barely miss the quokka. The quokka closely misses you.
A jelly comes into view.
The jelly quivers.
You hit the quokka.
The quokka is moderately wounded.
The quokka bites you but does no damage.
You closely miss the quokka.
The quokka is moderately wounded.
The quokka bites you but does no damage.
Casting: Spider Form (safe; 11% risk of failure)
Confirm with . or Enter, or press ? or * to list all spells.
You miscast Spider Form.
You are very lightly contaminated with residual magic.
You feel sick.
The quokka bites you but does no damage.
The quokka bites you.
Casting: Spider Form (safe; 11% risk of failure)
Confirm with . or Enter, or press ? or * to list all spells.
You turn into a venomous arachnid creature.
Your +0 pair of gloves melds into your body.
Your +0 robe melds into your body.
You are feeling hungry.
You have got your breath back.
The quokka misses you.
Unknown command.
You barely miss the quokka.
The quokka is moderately wounded.
The quokka misses you.
Unknown command.
You hit the quokka.
The quokka is poisoned.
The quokka is severely wounded.
The quokka misses you.
You barely miss the quokka.
The quokka is severely wounded.
The quokka completely misses you.
You barely miss the quokka.
The quokka is severely wounded.
The quokka barely misses you.
You hit the quokka but do no damage.
The quokka is severely wounded.
The quokka misses you.
You hit the quokka.
You kill the quokka!
Sif Muna accepts your kill.
Your transformation is almost over.
The jelly hits you but does no damage.
You see here a quokka corpse.
You hit the jelly.
Your front legs burn!
The jelly is lightly wounded.
The jelly completely misses you.
You hit the jelly.
Your front legs burn!
The jelly is moderately wounded.
The jelly misses you.
You hit the jelly. The acid corrodes you!
Your front legs burn!
The jelly is moderately wounded.
The jelly completely misses you.
You hit the jelly but do no damage.
Your front legs burn!
The jelly is moderately wounded.
The jelly hits you.
You are splashed with acid!
Unknown command.
You hit the jelly.
Your front legs burn!
The jelly is moderately wounded.
The jelly hits you.
You are splashed with acid.
* * * LOW HITPOINT WARNING * * *
Unknown command.
Unknown command.
Unknown command.
Unknown command.
Your transformation has ended.
Your +0 pair of gloves unmelds from your body.
Your +0 robe unmelds from your body.
A sky beast comes into view.
The jelly hits you.
* * * LOW HITPOINT WARNING * * *
You are splashed with acid!
* * * LOW HITPOINT WARNING * * *
Unknown command.
Casting: Spider Form (safe; 11% risk of failure)
Confirm with . or Enter, or press ? or * to list all spells.
You turn into a venomous arachnid creature.
Your +0 pair of gloves melds into your body.
Your +0 robe melds into your body.
The jelly hits you.
* * * LOW HITPOINT WARNING * * *
You are splashed with acid!
You die...

##.#.#.#.#.#.
#.#.#.#.#.#.#.#. #.
#.#####.#.#.#.#.#.#Y#.#.#
#......#†#.#.#.#.#.#.#.#
##.#.#.#.#.#.#.#.#
######.#.#.#.#.#.#.#.#
#.......#.#.#.#.#.#.#
#......#.#.#.#.#.#.#.#
#.......#.#.#s#.#.#.#.
######.#.#.#J#.#.#.#.
###### ##########.#.##
#....# #.#.# #....#####
#...#
#....#...##########..######
#..........................
#....#...##########..#####.
#....#...# ##.#


You could see a sky beast and a jelly.

Vanquished Creatures
  A howler monkey (D:5)
  A crimson imp (D:4)
  Terence (D:2)
  2 worker ants (D:4)
  2 hound skeletons (D:4)
  4 adders
  An ooze (D:2)
  An adder skeleton (D:4)
  2 worms
  3 dart slugs
  4 leopard geckos (D:2)
  2 giant cockroaches
  2 goblins
  5 hobgoblins
  5 kobolds
  5 quokkas
  A ball python skeleton (D:4)
  7 bats
  6 frilled lizards
  6 rats
61 creatures vanquished.

Notes
Turn   | Place    | Note
-------+----------+-------------------------------------------
     0 | D:1      | MisterOstroum the Naga Transmuter began the quest for the
                  | Orb.
     0 | D:1      | Reached XP level 1. HP: 18/18 MP: 3/3
   125 | D:1      | Reached skill level 1 in Stealth
   223 | D:1      | Reached XP level 2. HP: 21/25 MP: 5/5
   252 | D:1      | Learned a level 2 spell: Sticks to Snakes
   482 | D:1      | Got a pitted bone ring
   494 | D:1      | Identified the ring "Oma Bikk" {+Fly Str-3 Dex+6} (You
                  | found it on level 1 of the Dungeon)
   619 | D:2      | Found a sparkling altar of Nemelex Xobeh.
   709 | D:2      | Found a corrupted altar of Lugonu.
   729 | D:2      | Found a burning altar of Makhleb.
   819 | D:2      | Reached XP level 3. HP: 31/31 MP: 6/6
   838 | D:2      | Learned a level 3 spell: Spider Form
  1002 | D:2      | Reached skill level 1 in Poison Magic
  1100 | D:2      | Found an ancient bone altar of Kikubaaqudgha.
  1101 | D:2      | Found a shimmering blue altar of Sif Muna.
  1103 | D:2      | Found a radiant altar of Vehumet.
  1120 | D:2      | Became a worshipper of Sif Muna the Loreminder
  1128 | D:2      | Identified Kikubaaqudgha's Handbook of Unholy Rites
  1341 | D:2      | Noticed Terence
  1357 | D:2      | Killed Terence
  1357 | D:2      | Reached skill level 2 in Poison Magic
  1357 | D:2      | Reached XP level 4. HP: 22/38 MP: 4/7
  2156 | D:3      | Reached skill level 3 in Poison Magic
  2568 | D:4      | Found a transporter.
  2608 | D:4      | Noticed Eustachio
  2669 | D:4      | Reached XP level 5. HP: 44/44 MP: 8/8
  2768 | D:4      | Noticed Menkaure
  2777 | D:4      | Found a transporter.
  2813 | D:4      | Reached skill level 4 in Poison Magic
  2886 | D:4      | Found a sacrificial altar of Ru.
  2905 | D:4      | Reached * piety under Sif Muna
  3165 | D:4      | Reached skill level 5 in Poison Magic
  3198 | D:3      | Reached XP level 6. HP: 32/51 MP: 9/9
  3286 | D:5      | Entered Level 5 of the Dungeon
  3433 | D:5      | Noticed a sky beast
  3434 | D:5      | Splashed by a jelly's acid

Skill      XL: |  1  2  3  4  5 |
---------------+----------------+-----
Stealth        | 2 3 |  3.0
Poison Magic   | 2 3 5 |  5.0
Transmutations | 3 |  3.9
Fighting       | |  1.8
Dodging        | |  1.5
Unarmed Combat | |  3.3
Spellcasting   | |  2.0

Action                   |  1- 3 |  4- 6 || total
-------------------------+-------+-------++-------
Melee: Unarmed           |    41 |    89 ||   130
       Headbutt          |     1 |       ||     1
       Dagger            |     7 |     4 ||    11
       Punch             |       |     1 ||     1
Throw: Stone             |     9 |    18 ||    27
 Cast: Beastly Appendage |     2 |       ||     2
       Spider Form       |     2 |     6 ||     8
Invok: Divine Energy     |     1 |       ||     1
 Abil: Spit Poison       |    31 |    32 ||    63
  Use: Scroll            |     1 |     7 ||     8
 Stab: Sleeping          |       |     2 ||     2
  Eat: Chunk             |     4 |    11 ||    15
Armor: Robe              |    11 |    16 ||    27
       Skin              |     1 |     2 ||     3
Dodge: Dodged            |    36 |    54 ||    90
